 Dungeon Crawl Stone Soup version 0.29.1-2-gbd0b4ee654 (webtiles) character file.

Game seed: 2829983205366532991

4955 GorkyZ the Blocker (level 10, -8/72 (77) HPs)
             Began as a Formicid Gladiator on Nov 21, 2022.
             Was an Initiate of Gozag.
             Mangled by a two-headed ogre
             ... wielding a +0 giant club
              (22 damage)
             ... on level 9 of the Dungeon.
             The game lasted 00:31:59 (7466 turns).

GorkyZ the Blocker (Formicid Gladiator)             Turns: 7466, Time: 00:32:00

HP:   -8/72 (77)    AC: 17    Str: 24    XL:     10   Next: 82%
MP:   10/10         EV:  8    Int:  7    God:    Gozag
Gold: 833           SH:  0    Dex: 15    Spells: 9/9 levels left

rFire   . . .      SeeInvis +   y - +5 quarterstaff (chaos)
rCold   . . .      Faith    .   (no shield)
rNeg    . . .      Spirit   .   d - +0 plate armour
rPois   .          Reflect  .   (helmet unavailable)
rElec   .          Harm     .   z - +0 cloak
rCorr   .          Rampage  .   v - +1 Delatra's gloves {ID++}
Will    +....                   r - +0 pair of boots
Stlth   ..........              h - amulet of regeneration
HPRegen 1.02/turn               (no ring)
MPRegen 0.12/turn               (no ring)

@: drained
A: permanent stasis, dig shafts and tunnels, antennae 3, four strong arms
a: Dig, Shaft Self, Renounce Religion, Potion Petition, Call Merchant, Bribe
Branch


You were on level 9 of the Dungeon.
You worshipped Gozag.
Gozag was pleased with you.
You visited 2 branches of the dungeon, and saw 10 of its levels.
You also visited: Sewer.

You collected 1066 gold pieces.
You spent 153 gold pieces at shops.
You paid 80 gold pieces to Gozag.

Inventory:

Hand Weapons
 a - a +0 quarterstaff
 i - a +0 halberd
 j - a +0 hand axe
 y - a +5 quarterstaff of chaos (weapon)
 I - a +6 halberd
Missiles
 c - a throwing net
 g - 4 silver javelins
 o - 2 atropa-tipped darts
 t - 13 boomerangs (quivered)
 G - 5 javelins
Armour
 b - a +0 leather armour
 d - a +0 plate armour (worn)
 e - a +4 ring mail
 f - a +0 ring mail
 m - a scarf of invisibility
 r - a +0 pair of boots (worn)
 u - a +0 chain mail
 v - the +1 Delatra's gloves (worn) {ID++}
   (You found it on level 4 of the Dungeon)

   It heals its wearer when they drink unknown potions.
   It restores its wearer's MP when they read unknown scrolls.
 z - a +0 cloak (worn)
Jewellery
 h - an amulet of regeneration (around neck)
 x - an amulet of guardian spirit
 C - an amulet of reflection
Wands
 F - a wand of flame (49)
Scrolls
 l - 2 scrolls of teleportation
 n - 3 scrolls of poison
 p - a scroll of amnesia
 q - 2 scrolls of silence
 s - a scroll of fear
 D - a scroll of brand weapon {unknown}
 H - a scroll of enchant weapon
 J - a scroll of immolation
Potions
 k - a potion of haste
 w - a potion of berserk rage
 A - 2 potions of brilliance
 B - 3 potions of curing
 E - a potion of degeneration {unknown}


   Skills:
 + Level 6.9 Fighting
 + Level 6.8 Staves
 + Level 6.5 Throwing
 + Level 6.8 Armour
 - Level 2.6 Dodging
 + Level 8.0 Shields
 + Level 6.8 Evocations


You had 9 spell levels left.
You didn't know any spells.
Your spell library contained the following spells:

 Spells                   Type           Power      Damage    Failure   Level
 Beastly Appendage        Tmut           0%         N/A       100%        1
 Necrotise                Necr           0%         1d4       100%        1
 Wereblood                Tmut           0%         N/A       100%        2
 Gell's Gravitas          Tloc           0%         N/A       100%        3
 Lesser Beckoning         Tloc           0%         N/A       100%        3
 Spider Form              Tmut/Pois      0%         N/A       100%        3
 Stone Arrow              Conj/Erth      0%         3d7       100%        3
 Teleport Other           Tloc           0%         N/A       100%        3
 Vampiric Draining        Necr           0%         2d6       100%        3
 Animate Armour           Summ/Erth      0%         N/A       100%        4
 Agony                    Necr           0%         N/A       100%        5
 Lehudib's Crystal Spear  Conj/Erth      0%         10d2      100%        8


Dungeon Overview and Level Annotations

Branches:
Dungeon (9/15)             Temple (1/1) D:5           Sewer (visited)
   Lair: D:8-11         Orc: D:9-12

Altars:
Ashenzari
Cheibriados
Dithmenos
Elyvilon
Fedhas
Gozag
Hepliaklqana
Kikubaaqudgha
Makhleb
Nemelex Xobeh
Okawaru
Qazlal
Ru
Sif Muna
Uskayaw
Vehumet
Wu Jian
Xom
Yredelemnul
Zin
The Shining One

Shops:
D:5 [


Innate Abilities, Weirdness & Mutations

You cannot be hasted, slowed, berserked, paralysed or teleported.
You can dig through walls and to a lower floor.
You have a pair of large antennae on your head. (SInv)
Your four strong arms can wield two-handed weapons with a shield.


Message History

7 gold pieces; a +2 spear; a +0 robe You thump the two-headed ogre!
The two-headed ogre is no longer distracted by gold.
The two-headed ogre is lightly wounded.
The two-headed ogre hits you with a +0 giant club!
The two-headed ogre barely misses you.
You thump the two-headed ogre!
The two-headed ogre is moderately wounded.
You sock the two-headed ogre!
The two-headed ogre is heavily wounded.
The two-headed ogre hits you with a +0 giant club!!
The two-headed ogre hits you with a +0 giant spiked club!
* * * LOW HITPOINT WARNING * * *
You are too injured to fight recklessly!
You are too injured to fight recklessly!
You sock the two-headed ogre!
The two-headed ogre is severely wounded.
The two-headed ogre hits you with a +0 giant club.
* * * LOW HITPOINT WARNING * * *
The two-headed ogre barely misses you.
You barely miss the two-headed ogre.
The two-headed ogre is severely wounded.
Unknown command.
You barely miss the two-headed ogre.
The two-headed ogre is severely wounded.
The two-headed ogre hits you with a +0 giant club.
* * * LOW HITPOINT WARNING * * *
The two-headed ogre hits you with a +0 giant spiked club.
* * * LOW HITPOINT WARNING * * *
You barely miss the two-headed ogre.
The two-headed ogre is severely wounded.
The two-headed ogre closely misses you.
The two-headed ogre hits you with a +0 giant spiked club.
* * * LOW HITPOINT WARNING * * *
You hit the two-headed ogre.
The two-headed ogre seems to speed up.
The two-headed ogre is severely wounded.
The two-headed ogre hits you but does no damage.
The two-headed ogre hits you with a +0 giant spiked club!!
You die...
Your body crumbles into a pile of gold.

### ..# #.# #.#
#.# #.#####.#
#.......#
..###<.######.#
#.....$@O$.....
.....<...########
##########


You could see a two-headed ogre (fast).

Vanquished Creatures
  Eustachio (D:6)
  A wraith (D:8)
  5 yaks (D:8)
  3 steam dragons
  Duvessa (D:7)
  A water moccasin (D:5)
  5 orc warriors
  2 sky beasts
  An ogre (D:6)
  A phantom (D:7)
  3 centaurs (D:8)
  5 bullfrogs
  2 necrophages
  3 scorpions
  8 wights
  Dowan (D:7)
  An electric eel (D:6)
  3 howler monkeys
  4 orc priests
  5 hounds
  A gnoll bouda (Temple)
  Crazy Yiuf (D:4)
  6 iguanas
  11 orc wizards
  9 gnolls
  9 adders
  2 ufetubi
  5 dart slugs
  2 worms
  37 orcs
  10 ball pythons
  7 bats
  7 endoplasms
  10 giant cockroaches
  14 goblins
  8 hobgoblins
  4 jackals
  17 kobolds
  10 quokkas
  8 frilled lizards
  5 rats
  A spectral orc (D:7)
240 creatures vanquished.

Vanquished Creatures (others)
  4 plants (D:8)
4 creatures vanquished.

Grand Total: 244 creatures vanquished

Notes
Turn   | Place    | Note
-------+----------+-------------------------------------------
     0 | D:1      | GorkyZ the Formicid Gladiator began the quest for the Orb.
     0 | D:1      | Reached XP level 1. HP: 16/16 MP: 1/1
   385 | D:1      | Found a faded altar of an unknown god.
   419 | D:1      | Reached XP level 2. HP: 15/22 MP: 2/2
   580 | D:1      | Reached skill level 1 in Shields
  1014 | D:1      | Reached XP level 3. HP: 28/28 MP: 3/3
  1035 | D:1      | Reached skill level 1 in Armour
  1470 | D:2      | Reached skill level 1 in Evocations
  1574 | D:2      | Reached XP level 4. HP: 34/34 MP: 4/4
  1730 | D:2      | Reached skill level 2 in Shields
  2075 | D:3      | Reached XP level 5. HP: 39/39 MP: 5/5
  2230 | D:3      | Found a glowing drain.
  2234 | Sewer    | Entered a sewer
  2449 | Sewer    | Noticed a bullfrog
  2467 | Sewer    | Killed a bullfrog
  2468 | Sewer    | Reached skill level 3 in Shields
  2468 | Sewer    | Reached XP level 6. HP: 33/47 MP: 6/6
  2706 | D:3      | Found a sparkling altar of Nemelex Xobeh.
  3001 | D:4      | Noticed an orc warrior
  3025 | D:4      | Killed an orc warrior
  3026 | D:4      | Reached XP level 7. HP: 23/52 MP: 7/7
  3070 | D:4      | Found the +1 Delatra's gloves {ID++}
  3171 | D:4      | Found a snail-covered altar of Cheibriados.
  3176 | D:4      | Found a white marble altar of Elyvilon.
  3178 | D:4      | Found a radiant altar of Vehumet.
  3220 | D:4      | Reached skill level 4 in Shields
  3315 | D:4      | Found a runed translucent door.
  3316 | D:4      | Noticed Crazy Yiuf
  3322 | D:4      | Killed Crazy Yiuf
  3653 | D:5      | Entered Level 5 of the Dungeon
  3717 | D:5      | Found a staircase to the Ecumenical Temple.
  3729 | D:5      | Reached XP level 8. HP: 56/60 MP: 8/8
  3738 | Temple   | Entered the Ecumenical Temple
  3739 | Temple   | HP: 3/60 [gnoll bouda/+0 whip (1)]
  3746 | Temple   | HP: 1/60 [gnoll bouda/+0 whip (10)]
  4120 | D:5      | Reached skill level 5 in Shields
  4235 | D:5      | Found an opulent altar of Gozag.
  4257 | D:5      | Became a worshipper of Gozag Ym Sagoz the Greedy
  4284 | D:5      | Found Loathog's Antique Armour Emporium.
  4292 | D:5      | Bought a pair of boots for 153 gold pieces
  4367 | D:5      | Found a hazy altar of Hepliaklqana.
  4625 | D:5      | Reached skill level 5 in Staves
  4889 | D:6      | Reached XP level 9. HP: 66/67 MP: 9/9
  4895 | D:6      | Reached skill level 5 in Fighting
  4911 | D:6      | Noticed Eustachio
  4920 | D:6      | Killed Eustachio
  4994 | D:6      | Reached skill level 5 in Throwing
  4994 | D:6      | Reached skill level 5 in Armour
  5007 | D:6      | Reached skill level 5 in Evocations
  5030 | D:6      | Reached skill level 6 in Shields
  5231 | D:6      | Found a sacrificial altar of Ru.
  5330 | D:6      | Found a shadowy altar of Dithmenos.
  5333 | D:6      | Found an ancient bone altar of Kikubaaqudgha.
  5711 | D:7      | Noticed Duvessa
  5711 | D:7      | Noticed Dowan
  5714 | D:7      | Killed Dowan
  5721 | D:7      | Killed Duvessa
  5829 | D:7      | Reached XP level 10. HP: 59/76 MP: 10/10
  5905 | D:7      | Found a blossoming altar of Fedhas.
  6026 | D:7      | Found an iron altar of Okawaru.
  6103 | D:7      | Found a flagged portal.
  6348 | D:7      | Found a basalt altar of Yredelemnul.
  6483 | D:7      | Reached skill level 7 in Shields
  6844 | D:8      | Found a burning altar of Makhleb.
  7422 | D:9      | Noticed a two-headed ogre
  7452 | D:9      | Reached skill level 8 in Shields
  7466 | D:9      | Mangled by a two-headed ogre

Illustrated notes

Levels and vault maps discovered:
D:1:      giann_horns, layout_loops_ring, ebering_ecumenical_altar_abandoned,
          minmay_pentomino_t4
D:2:      layout_loops_ring, minmay_vboxes
D:3:      layout_rooms, nemelex_diamond_rough_becter, gup_sewer_entry_bowl
D:4:      layout_cave_pools, grunt_temple_overflow_open,
          pf_guarded_unrand_delatra, uniq_crazy_yiuf_cottage
D:5:      layout_cave_pods, mainiacjoe_overflow_alcove_4,
          nzn_hepliaklqana_mist_gate, minmay_temple_entry_arrows,
          serial_column_ruins, column_ruins_hut_ruined, column_ruins_hut,
          column_ruins_grid_4, column_ruins_grid_1,
          column_ruins_columns_straight, column_ruins_grid_3,
          column_ruins_grid_1, serial_shops, shop
D:6:      layout_cave_pools, nicolae_ru_the_path_less_chosen,
          nicolae_overflow_squiral, uniq_eustachio
D:7:      layout_basic, mainiacjoe_overflow_surrounded_room, okawaru_gym_becter,
          yredelemnul_forgotten_temple_becter, enter_bailey_3, uniq_duvessa
D:8:      layout_gridville, mainiacjoe_overflow_cross_hatched,
          kennysheep_generic_room_8
D:9:      layout_loops_ring, mainiacjoe_overflow_24_doors,
          minmay_orc_entry_temple_large, uniq_grum
Temple:   nicolae_temple_two_arcs

Skill      XL: |  1  2  3  4  5  6  7  8  9 10 |
---------------+-------------------------------+-----
Shields        | 1 2 3 4 5 6 8 |  8.0
Armour         | 1 2 3 4 5 6 |  6.8
Evocations     | 1 2 3 4 5 6 |  6.8
Fighting       | 3 4 6 |  6.9
Throwing       | 3 4 5 6 |  6.5
Staves         | 4 5 6 |  6.8
Dodging        | |  2.6

Action                   |  1- 3 |  4- 6 |  7- 9 | 10-12 || total
-------------------------+-------+-------+-------+-------++-------
Melee: Quarterstaff      |   115 |   254 |   312 |   135 ||   816
       Punch             |       |     2 |     3 |     3 ||     8
Throw: Throwing net      |       |     2 |     2 |       ||     4
       Boomerang         |       |       |    16 |     3 ||    19
       Javelin           |       |       |     4 |       ||     4
  Use: Scroll            |       |       |     5 |     8 ||    13
       Potion            |       |       |     2 |     6 ||     8
 Stab: Paralysed         |       |       |       |     3 ||     3
       Distracted        |       |       |       |     2 ||     2
Armor: Ring mail         |    46 |    93 |    85 |       ||   224
       Leather armour    |     1 |       |       |       ||     1
       Chain mail        |       |       |    98 |       ||    98
       Plate armour      |       |       |     6 |    75 ||    81
Dodge: Dodged            |    68 |   164 |   191 |    33 ||   456
